 Dungeon Crawl Stone Soup version 0.24.0-123-gd5b16e6ec5 (webtiles) character file.

Game seed: 17033998322034250338, levelgen mode: deterministic

44 Descartes the Sneak (level 3, 0/16 HPs)
             Began as a Felid Wanderer on Feb 12, 2020.
             Slain by a black bear (5 damage)
             ... on level 2 of the Dungeon.
             The game lasted 00:02:00 (1710 turns).

Descartes the Sneak (Felid Wanderer)                Turns: 1710, Time: 00:02:01

Health: 0/16       AC:  1    Str: 10    XL:     3   Next: 41%
Magic:  4/4        EV: 17    Int: 12    God:
Gold:   96         SH:  0    Dex: 15    Spells: 2/2 levels left
                                        Lives:  0   Deaths: 0

rFire    . . .     SeeInvis +     - Unarmed
rCold    . . .     Gourm    .   (shield unavailable)
rNeg     . . .     Faith    .   (armour unavailable)
rPois    .         Spirit   .   (helmet unavailable)
rElec    .         Reflect  .   (cloak unavailable)
rCorr    .         Harm     .   (gloves unavailable)
MR       .....                  (boots unavailable)
Stlth    +++.......             (no amulet)
HPRegen  0.05/turn              (no ring)
MPRegen  0.09/turn              (no ring)

@: quick
A: very small, no armour, no weapons or thrown items, stealth, claws 1, fangs 3,
see invisible, carnivore, speed 1, shaggy fur 1, slow metabolism 1, sharp paws
a: no special abilities


You were on level 2 of the Dungeon.
You were completely stuffed.

You visited 1 branch of the dungeon, and saw 2 of its levels.

You collected 96 gold pieces.

Inventory:

Missiles
 e - 43 stones
Scrolls
 c - 2 scrolls of teleportation
 g - 3 scrolls of identify {unknown}
 j - a scroll of noise {unknown}
Potions
 a - a potion of heal wounds
 b - a potion of lignification
 f - a potion of resistance {unknown}
 h - a potion of curing {unknown}
 i - a potion of mutation {unknown}
Comestibles
 d - 5 rations
 k - 5 chunks of flesh


   Skills:
 - Level 2.0 Fighting
 + Level 2.4 Dodging
 + Level 4.6 Stealth
 * Level 2.4 Unarmed Combat
   Level 1.7 Conjurations
   Level 1.5 Hexes


You had 2 spell levels left.
You didn't know any spells.
Your spell library was empty.

Dungeon Overview and Level Annotations

Branches:
Dungeon (2/15)

Altars:


Innate Abilities, Weirdness & Mutations

You cannot wear armour.
You are incapable of wielding weapons or throwing items.
Your paws allow you to move quietly. (Stealth)
You have sharp claws.
You have razor-sharp teeth.
You have supernaturally acute eyesight. (SInv)
You are carnivorous and can eat meat at any time.
You cover ground quickly.
You are covered in fur. (AC +1)
You have a slow metabolism.
Your sharp claws are effective at attacking unaware monsters.


Message History

k - 3 chunks of flesh (gained 1)
You see here a quokka skeleton.
You see here a quokka corpse.
You see here a quokka corpse.
You butcher the quokka corpse.
k - 5 chunks of flesh (gained 2)
You see here a quokka skeleton.
You start resting.
The black bear is too close now for your liking.
A black bear is nearby!
The black bear growls angrily.
A bat comes into view.
The bat moves out of view.
A black bear is nearby!
The black bear barely misses you. The black bear misses you. x2
You barely miss the black bear. The black bear misses you.
The black bear claws you.
The black bear claws you but does no damage.
You barely miss the black bear. The black bear bites you.
You die...

.........###.#.#.######..
####+###.# #.#...# #..
###.# #.##### #.. ...#
#.# #..
#.###.###.##########..
#....>................
#####.##############..
#.# #.. #@# ### #h# #.#
#.######### .>#.....÷...#
......)...÷....#
.....#.........#
.....#.........# ....
#.........#


You could see a black bear.

Vanquished Creatures
  A gnoll (D:1)
  2 worms (D:2)
  3 leopard geckos
  3 goblins
  3 hobgoblins (D:1)
  2 kobolds (D:1)
  3 quokkas (D:2)
  4 bats (D:1)
  A frilled lizard (D:1)
  A rat (D:2)
23 creatures vanquished.

Notes
Turn   | Place    | Note
-------+----------+-------------------------------------------
     0 | D:1      | Descartes the Felid Wanderer began the quest for the Orb.
     0 | D:1      | Descartes set off with the following items: a potion of
                  | heal wounds, a potion of lignification, a scroll of
                  | teleportation, a ration
     0 | D:1      | Reached XP level 1. HP: 9/9 MP: 2/2
   151 | D:1      | Reached XP level 2. HP: 11/13 MP: 3/3
  1078 | D:1      | Reached XP level 3. HP: 16/16 MP: 4/4
  1617 | D:2      | Noticed a black bear
  1710 | D:2      | Slain by a black bear

Levels and vault maps discovered:
D:1:      evilmike_arrival_rings, layout_basic, minmay_misc_feat_columns
D:2:      layout_basic

Skill      XL: |  1  2 |
---------------+-------+-----
Dodging        | 2 |  2.4
Unarmed Combat | 2 |  2.4
Fighting       | |  2.0
Stealth        | |  4.6
Conjurations   | |  1.7
Hexes          | |  1.5

Action                   || total
-------------------------++-------
Melee: Unarmed           ||    74
       Bite              ||     3
 Stab: Sleeping          ||    12
  Eat: Chunk             ||     9
Armor: Skin              ||     8
Dodge: Dodged            ||    61
